 Dungeon Crawl Stone Soup version 0.20.0-7-g3b7b877 (webtiles) character file.

11854 George the Carver (level 11, -1/84 HPs)
             Began as a Demonspawn Gladiator on May 29, 2017.
             Was a Priest of Makhleb.
             Slain by Snorg (10 damage)
             ... on level 11 of the Dungeon.
             The game lasted 00:21:29 (11254 turns).

George the Carver (Demonspawn Gladiator)           Turns: 11254, Time: 00:21:30

Health: -1/84      AC: 17    Str: 19    XL:     11   Next: 54%
Magic:  0/17       EV:  9    Int:  9    God:    Makhleb [***...]
Gold:   846        SH:  0    Dex: 14    Spells: 10/10 levels left

rFire    . . .     SeeInvis +   a - +0 scimitar
rCold    + . .     Gourm    .   (no shield)
rNeg     . . .     Faith    .   L - +0 plate armour {rPois}
rPois    +         Spirit   +   c - +0 helmet
rElec    .         Reflect  .   G - scarf {Spirit}
rCorr    .         Harm     .   (no gloves)
MR       .....                  (no boots)
Stlth    ..........             J - amulet of regeneration
Regen    0.7/turn               e - ring of see invisible
MPRegen  0.2/turn               y - ring of protection from cold

@: no status effects
A: hooves 2, slimy green scales 2, spiny 2
a: Minor Destruction, Lesser Servant of Makhleb, Renounce Religion


You were on level 11 of the Dungeon.
You worshipped Makhleb.
Makhleb was most pleased with you.
You were not hungry.

You visited 2 branches of the dungeon, and saw 12 of its levels.

You collected 846 gold pieces.

Inventory:

Hand Weapons
 a - a +0 scimitar (weapon)
 b - the +1 short sword "Sosuosh" {speed, rPois Str-5 Int+4}
   (You found it on level 7 of the Dungeon)

   Attacks with this weapon are significantly faster.
   It affects your strength (-5).
   It affects your intelligence (+4).
   It protects you from poison.
Missiles
 d - 3 throwing nets (quivered)
Armour
 c - a +0 helmet (worn)
 G - a scarf of spirit shield (worn)
 L - a +0 plate armour of poison resistance (worn)
Jewellery
 e - a ring of see invisible (left hand)
 y - a ring of protection from cold (right hand)
 J - an amulet of regeneration (around neck)
 K - an uncursed ring of poison resistance
Wands
 s - a wand of confusion (15/48)
Scrolls
 g - 4 scrolls of magic mapping {unknown}
 h - 12 scrolls of teleportation
 i - a scroll of acquirement {unknown}
 k - 3 scrolls of fog
 l - 6 scrolls of remove curse
 o - 3 scrolls of amnesia {unknown}
 t - a scroll of silence {unknown}
 x - 5 scrolls of enchant weapon {unknown}
 A - 2 scrolls of random uselessness {unknown}
 C - 3 scrolls of fear {unknown}
 D - 2 scrolls of enchant armour {unknown}
 E - a scroll of noise {unknown}
 M - a scroll of summoning {unknown}
Potions
 j - 4 potions of haste
 p - 5 potions of flight
 q - 9 potions of curing
 r - 2 potions of mutation
 u - a potion of might
 w - a potion of magic {unknown}
 z - a potion of agility {unknown}
 B - a potion of ambrosia
 F - 3 potions of heal wounds
 N - a potion of invisibility
Books
 I - a book of Battle

   Spells                             Type                      Level
   a - Infusion                       Charms                       1
   b - Shroud of Golubria             Charms/Translocation         2
   c - Song of Slaying                Charms                       2
   d - Spectral Weapon                Hexes/Charms                 3
   e - Regeneration                   Charms/Necromancy            3
Comestibles
 f - 3 bread rations
 m - 6 meat rations
 n - 4 fruits
 v - 2 royal jellies


   Skills:
 + Level 7.3 Fighting
 * Level 11.6 Long Blades
 - Level 1.7 Throwing
 + Level 6.3 Armour
 + Level 6.7 Dodging
 + Level 8.8 Invocations


You had 10 spell levels left.
You didn't know any spells.

Dungeon Overview and Level Annotations

Branches:
Dungeon (11/15)            Temple (1/1) D:4            Lair (0/6) D:10
    Orc (0/2) D:9

Altars:
Ashenzari
Cheibriados
Dithmenos
Elyvilon
Fedhas
Gozag
Hepliaklqana
Kikubaaqudgha
Makhleb
Nemelex Xobeh
Okawaru
Qazlal
Ru
Sif Muna
Trog
Uskayaw
Vehumet
Xom
Yredelemnul
Zin
The Shining One

Shops:
D:6 *

Annotations:
D:11 Snorg


Innate Abilities, Weirdness & Mutations

You have hoof-like feet.
You are mostly covered in slimy green scales. (AC +3)
You are mostly covered in sharp spines.


Message History

Snorg bites you! Snorg claws you! x2
Snorg is struck by your spines. Snorg bites you! Snorg closely misses you.
Snorg claws you but does no damage.
You barely miss Snorg. Your kick misses Snorg.
Snorg is moderately wounded.
Snorg is struck by your spines. Snorg closely misses you.
You riposte.
You slash Snorg! You kick Snorg.
Snorg is heavily wounded.
Snorg claws you! Snorg misses you.
A demon appears!
You can no longer hurl Makhleb's greater destruction.
Snorg barely misses you. Snorg claws you. Snorg claws you!
* * * LOW HITPOINT WARNING * * *
Snorg barely misses you. Snorg claws you!
* * * LOW HITPOINT WARNING * * *
Snorg barely misses you. Snorg bites you.
* * * LOW HITPOINT WARNING * * *
Snorg completely misses you. Snorg claws you!
You die...

##.######.#.#.# ..#
..........#.#.# ..#
##.######.#.#.## ..# #.#
#.#.#..# ..# #.# #.#
##.# .. #.# #.# #[# .#
#.# #.# #.#####.# #.#
#.#. #.#3T...# #.#
#.#.##'#@##### #.#
#.#.#.....#
##.######.#.#.(...#
..........#.#.....#
##.########.#.....#
............#.....#....#
...######......#'##....#
...#...........#.##....#
...#.####......#.##....#


You could see Snorg (berserk) and a friendly smoke demon.

Vanquished Creatures
  A hydra (D:11)
  A two-headed ogre (D:11)
  An ugly thing (D:11)
  A cyclops (D:11)
  Maurice (D:10)
  A gargoyle (D:11)
  3 trolls (D:10)
  Prince Ribbit (D:5)
  4 hippogriffs
  Grinder (D:5)
  2 water elementals (D:11)
  A wyvern (D:11)
  12 yaks
  2 basilisks (D:10)
  The ghost of Inarius the Stinger, an amateur DrVM of Vehumet (D:3)
  Menkaure (D:5)
  Edmund (D:5)
  4 water moccasins
  5 porcupines (D:10)
  5 orc warriors
  2 sky beasts (D:10)
  2 ice beasts
  A phantom (D:8)
  4 ogres
  2 centaurs
  3 crocodiles (D:10)
  2 big kobolds
  4 bullfrogs
  A water moccasin zombie (D:3)
  2 scorpions
  6 killer bees (D:10)
  A howler monkey (D:10)
  2 electric eels (D:11)
  4 crimson imps
  2 jellies
  5 hounds
  Crazy Yiuf (D:4)
  5 orc priests
  A centaur skeleton (D:9)
  10 orc wizards
  10 worker ants
  A hound skeleton (D:10)
  A worker ant zombie (D:10)
  A howler monkey zombie (D:10)
  4 gnolls
  12 adders
  2 shadow imps
  3 oozes
  An adder skeleton (D:4)
  3 worms
  4 dart slugs
  5 leopard geckos
  44 orcs
  4 giant cockroaches
  2 gnoll zombies (D:4)
  7 goblins
  6 hobgoblins
  5 quokkas
  A ball python (D:3)
  9 bats
  5 frilled lizards
  9 kobolds
  4 rats
252 creatures vanquished.

Notes
Turn   | Place    | Note
-------+----------+-------------------------------------------
     0 | D:1      | George the Demonspawn Gladiator began the quest for the Orb.
     0 | D:1      | Reached XP level 1. HP: 16/16 MP: 1/1
   106 | D:1      | Reached skill level 3 in Long Blades
   239 | D:1      | Gained mutation: You are partially covered in slimy green scales. (AC +2) [demonic ancestry]
   239 | D:1      | Reached XP level 2. HP: 16/22 MP: 2/2
  1141 | D:2      | You fall through a shaft for 2 floors!
  1146 | D:4      | Reached XP level 3. HP: 27/27 MP: 3/3
  1159 | D:4      | Noticed a big kobold
  1187 | D:4      | Killed a big kobold
  1187 | D:4      | Reached skill level 4 in Long Blades
  1187 | D:4      | Reached XP level 4. HP: 19/33 MP: 4/4
  1319 | D:3      | Reached skill level 5 in Long Blades
  1325 | D:3      | Noticed Inarius's ghost (amateur DrVM)
  1334 | D:3      | Reached XP level 5. HP: 30/38 MP: 5/5
  1455 | D:2      | Found an iron altar of Okawaru.
  1721 | D:2      | Found a hazy altar of Hepliaklqana.
  1762 | D:2      | Found a sparkling altar of Nemelex Xobeh.
  2452 | D:3      | Found a sparkling altar of Nemelex Xobeh.
  2453 | D:3      | Found a shattered altar of Ashenzari.
  2608 | D:3      | Reached skill level 6 in Long Blades
  3724 | D:3      | Killed Inarius's ghost
  3724 | D:3      | Gained mutation: You are partially covered in sharp spines. [demonic ancestry]
  3724 | D:3      | Reached XP level 6. HP: 38/44 MP: 6/6
  3761 | D:3      | Reached skill level 7 in Long Blades
  3899 | D:3      | Found a deep blue altar of Sif Muna.
  4206 | D:4      | Found a basalt altar of Yredelemnul.
  4413 | D:4      | Gained mutation: You have large cloven feet. [demonic ancestry]
  4413 | D:4      | Reached XP level 7. HP: 34/50 MP: 7/7
  4702 | D:4      | Found a staircase to the Ecumenical Temple.
  4708 | Temple   | Entered the Ecumenical Temple
  4785 | Temple   | Became a worshipper of Makhleb the Destroyer
  5129 | D:4      | Found a runed door.
  5165 | D:4      | Noticed Crazy Yiuf
  5175 | D:4      | Killed Crazy Yiuf
  5475 | D:5      | Entered Level 5 of the Dungeon
  5487 | D:5      | Found a snail-covered altar of Cheibriados.
  5515 | D:5      | Reached skill level 1 in Invocations
  5521 | D:5      | Noticed a yak
  5522 | D:5      | Noticed a yak
  5522 | D:5      | Noticed a yak
  5527 | D:5      | Noticed Grinder
  5531 | D:5      | Noticed Prince Ribbit
  5539 | D:5      | Killed a yak
  5539 | D:5      | Reached skill level 1 in Armour
  5543 | D:5      | Killed a yak
  5547 | D:5      | Killed Prince Ribbit
  5547 | D:5      | Reached skill level 8 in Long Blades
  5547 | D:5      | Gained mutation: You have hoof-like feet. [demonic ancestry]
  5547 | D:5      | Reached XP level 8. HP: 25/58 MP: 7/10
  5554 | D:5      | Killed Grinder
  5948 | D:5      | Noticed Edmund
  5955 | D:5      | Killed Edmund
  6236 | D:5      | Noticed Menkaure
  6244 | D:5      | Killed Menkaure
  6370 | D:6      | Reached * piety under Makhleb
  6371 | D:6      | Gained mutation: You are mostly covered in sharp spines. [demonic ancestry]
  6371 | D:6      | Reached XP level 9. HP: 65/65 MP: 12/12
  6497 | D:6      | Found a shadowy altar of Dithmenos.
  6572 | D:6      | Found Yrroac's Elemental Accessories.
  6926 | D:7      | Reached skill level 9 in Long Blades
  7038 | D:7      | Found a hide-covered altar of Uskayaw.
  7181 | D:7      | Got a scorched short sword
  7211 | D:7      | Reached skill level 5 in Invocations
  7878 | D:7      | Reached skill level 5 in Fighting
  8227 | D:7      | Identified the cursed +1 short sword "Sosuosh" {speed, rPois Str-5 Int+4} (You found it on level 7 of the Dungeon)
  8332 | D:8      | Reached ** piety under Makhleb
  8438 | D:8      | Reached skill level 5 in Dodging
  8610 | D:8      | Reached XP level 10. HP: 74/74 MP: 14/14
  8690 | D:9      | Found a staircase to the Orcish Mines.
  8713 | D:9      | Reached skill level 10 in Long Blades
  9064 | D:9      | Found a blossoming altar of Fedhas.
  9404 | D:10     | Entered Level 10 of the Dungeon
  9470 | D:10     | Reached skill level 5 in Armour
  9537 | D:10     | Found a staircase to the Lair.
  9543 | D:10     | Noticed Maurice
  9546 | D:10     | Reached *** piety under Makhleb
  9608 | D:10     | Killed Maurice
  9994 | D:10     | Gained mutation: You are mostly covered in slimy green scales. (AC +3) [demonic ancestry]
  9994 | D:10     | Reached XP level 11. HP: 76/83 MP: 14/17
 10269 | D:10     | Reached skill level 11 in Long Blades
 10408 | D:11     | Noticed a two-headed ogre
 10474 | D:11     | Killed a two-headed ogre
 10674 | D:11     | Noticed a green ugly thing
 10691 | D:11     | Killed a green ugly thing
 10741 | D:11     | Noticed a six-headed hydra
 10759 | D:11     | Killed a six-headed hydra
 10879 | D:11     | Reached **** piety under Makhleb
 11242 | D:11     | Noticed Snorg
 11254 | D:11     | Slain by Snorg

Skill      XL: |  1  2  3  4  5  6  7  8  9 10 11 |
---------------+----------------------------------+-----
Long Blades    | 3 4 5 6 7 8 9 10 11 | 11.6
Invocations    | 2 4 6 8 |  8.8
Armour         | 1 3 4 5 6 |  6.3
Dodging        | 3 4 5 6 |  6.7
Fighting       | 3 4 5 6 7 |  7.3
Throwing       | |  1.7

Action                   |  1- 3 |  4- 6 |  7- 9 | 10-12 || total
-------------------------+-------+-------+-------+-------++-------
Melee: Long sword        |    78 |   209 |   227 |       ||   514
       Kick              |       |       |    90 |   121 ||   211
       Scimitar          |       |       |    49 |   307 ||   356
       Short sword       |       |       |       |    14 ||    14
Invok: Minor Destruction |       |       |       |     6 ||     6
       Lesser Servant of |       |       |       |     1 ||     1
 Abil: Evoke Berserk Rag |       |       |     3 |       ||     3
Evoke: Wand              |       |       |       |     4 ||     4
  Use: Scroll            |       |     7 |     5 |     1 ||    13
       Potion            |       |     5 |     1 |       ||     6
  Eat: Chunk             |     1 |     9 |    15 |     9 ||    34
       Fruit             |       |       |     3 |       ||     3
Armor: Leather armour    |     3 |       |       |       ||     3
       Scale mail        |    37 |    42 |       |       ||    79
       Chain mail        |       |    76 |    97 |       ||   173
       Plate armour      |       |       |    19 |   155 ||   174
Dodge: Dodged            |    41 |    86 |    98 |   119 ||   344
       Rpst.: Long sword |    15 |    30 |    28 |       ||    73
       Scimitar          |       |       |     6 |    28 ||    34
